 Dungeon Crawl Stone Soup version 0.28-a0-533-g9f97627e2a (webtiles) character file.

Game seed: 12129463499408707841

769 sanka the Changer (level 7, -4/51 HPs)
             Began as a Demigod Transmuter on Sept 25, 2021.
             Slain by a centaur (6 damage)
             ... on level 5 of the Dungeon.
             The game lasted 00:16:56 (8109 turns).

sanka the Changer (Demigod Transmuter)              Turns: 8109, Time: 00:16:57

Health: -4/51      AC:  2    Str: 11    XL:     7   Next: 27%
Magic:  8/13       EV: 19    Int: 23    God:
Gold:   195        SH:  0    Dex: 19    Spells: 4/10 levels left

rFire   . . .      SeeInvis .     - Unarmed
rCold   . . .      Faith    .   (shield currently unavailable)
rNeg    . . .      Spirit   .   (armour currently unavailable)
rPois   x          Reflect  .   (helmet currently unavailable)
rElec   .          Harm     .   (cloak currently unavailable)
rCorr   .          Rampage  .   (gloves currently unavailable)
Will    .....                   (boots currently unavailable)
Stlth   ++........              (no amulet)
HPRegen 0.17/turn               (no ring)
MPRegen 0.13/turn               (no ring)

@: spider-form, very slightly contaminated
A: venomous fangs, tiny, high mp 1, forlorn
a: End Transformation


You were on level 5 of the Dungeon.
You were a venomous arachnid creature.
You visited 1 branch of the dungeon, and saw 5 of its levels.
You also visited: Sewer.

You collected 195 gold pieces.


Innate Abilities, Weirdness & Mutations

You are a venomous arachnid creature.
You have poisonous fangs.
You are tiny and dextrous.
Your spellcasting is less reliable in this form.
Your armour is entirely melded.
You are incapable of wielding weapons or throwing items.
Your attributes grow dramatically as you level up.
You have an increased reservoir of magic. (+10% MP)
You shall have no god before yourself.


   Skills:
 - Level 0.8 Fighting
 - Level 1.7 Dodging
 - Level 2.6 Unarmed Combat
 - Level 2.0 Spellcasting
 + Level 7.9 Transmutations


You had 4 spell levels left.
You knew the following spells:

 Your Spells              Type           Power      Damage    Failure   Level
x - Spider Form           Tmut/Pois      10%        N/A       21%         3
y - Wereblood             Tmut           38%        N/A       4%          2
z - Beastly Appendage     Tmut           76%        N/A       3%          1

Your spell library contained the following spells:

 Spells                   Type           Power      Damage    Failure   Level
 Ice Form                 Ice/Tmut       20%        N/A       47%         4
 Portal Projectile        Hex/Tloc       4%         N/A       58%         3
 Blade Hands              Tmut           19%        N/A       32%         5
 Excruciating Wounds      Necr           1%         N/A       99%         5

Inventory:

Armour
 a - a +0 robe (melded)
 r - a +0 pair of gloves (melded)
 s - a +0 pair of boots (melded)
Magical Staves
 l - a staff of conjuration {!a}
Scrolls
 c - a scroll of enchant armour
 d - 9 scrolls of teleportation {@r4}
 i - a scroll of noise {unknown}
 j - 2 scrolls of amnesia {unknown}
 k - a scroll of torment {unknown}
 m - a scroll of enchant weapon {unknown}
 n - a scroll of blinking {unknown}
 o - 2 scrolls of magic mapping {unknown}
 q - a scroll of fog {unknown}
 t - a scroll of brand weapon {unknown}
 u - a scroll of identify {@r1}
Potions
 b - a potion of ambrosia {unknown}
 e - 2 potions of curing {unknown}
 f - 5 potions of mutation {unknown}
 g - 2 potions of magic {unknown}
 h - a potion of lignification {unknown}
 p - a potion of flight
 v - a potion of berserk rage {unknown}

Dungeon Overview and Level Annotations

Branches:
Dungeon (5/15)              Sewer (visited)
 Temple: D:4-7

Shops:
D:1

: ▒ ▒.▒▒ .▒▒▒▒..... ..▒c..▒
........▒ ...... ........▒
.▒ .... ▒<...... ..
▒..▒▒....... ..
▒.......▒▒▒▒▒▒ ▒▒▒ ▒.
▒.£.▒...?.... ▒▒▒..
▒..▒▒▒c......... ▒▒▒...▒
▒...s.▒.......£ ......▒
▒▒▒▒▒...▒...... ......▒
▒.......... .....<▒▒▒
▒▒▒..........
▒▒▒▒..).▒▒▒▒▒▒▒.....▒......
▒▒▒▒.▒▒...▒▒.....▒......
▒.........<..▒▒......
▒▒............▒ ....
▒............▒ ...


You could see a centaur (extremely poisoned).


Message History

The centaur hits you.
* * * LOW HITPOINT WARNING * * *
The centaur kicks you.
* * * LOW HITPOINT WARNING * * *
You barely miss the centaur. The centaur completely misses you.
The centaur kicks you.
* * * LOW HITPOINT WARNING * * *
The centaur closely misses you. The centaur kicks you.
* * * LOW HITPOINT WARNING * * *
You bite the centaur!
The centaur is poisoned.
The centaur is moderately wounded.
The centaur barely misses you.
The centaur kicks you but does no damage.
You hit the centaur but do no damage.
The centaur looks as sick as possible!
The centaur is moderately wounded.
The centaur hits you.
* * * LOW HITPOINT WARNING * * *
The centaur kicks you.
* * * LOW HITPOINT WARNING * * *
The centaur hits you but does no damage.
The centaur completely misses you.
You hit the centaur but do no damage.
The centaur looks as sick as possible!
The centaur is heavily wounded.
The centaur hits you.
You die...

Action                   |  1- 3 |  4- 6 |  7- 9 || total
-------------------------+-------+-------+-------++-------
Melee: Unarmed           |   175 |   230 |    38 ||   443
       Kick              |    38 |    16 |       ||    54
       Headbutt          |    21 |    13 |       ||    34
       Punch             |     4 |     1 |       ||     5
 Cast: Beastly Appendage |    33 |    20 |       ||    53
       Spider Form       |     2 |    17 |     8 ||    27
  Use: Scroll            |     2 |       |       ||     2
       Potion            |       |     3 |       ||     3
 Stab: Sleeping          |     1 |     2 |       ||     3
Armor: Robe              |    27 |    44 |     4 ||    75
       Skin              |       |     8 |     4 ||    12
Dodge: Dodged            |   114 |   204 |    38 ||   356

Levels and vault maps discovered:
D:1:      doesnt_arrival_eight_statues, layout_loops_cross,
          shapermc_ecumenical_altar_venn, serial_shops,
          nicolae_shop_temple_entry_statues_fountains, roderic_lattice_a,
          chequers_garden, minmay_misc_feat_plants
D:2:      layout_rooms
D:3:      layout_basic, cheibrodos_sewer_entry_bend
D:4:      layout_basic
D:5:      layout_rooms, mainiacjoe_overflow_chevrons,
          minmay_temple_entry_large_hall, serial_shops, kennysheep_little_box

Notes
Turn   | Place    | Note
-------+----------+-------------------------------------------
     0 | D:1      | sanka the Demigod Transmuter began the quest for the Orb.
     0 | D:1      | Reached XP level 1. HP: 15/15 MP: 5/5
    15 | D:1      | Reached skill level 2 in Transmutations
    16 | D:1      | Reached skill level 2 in Spellcasting
   336 | D:1      | Reached XP level 2. HP: 21/22 MP: 5/7
   824 | D:1      | Found Somoxean's Book Boutique.
  1259 | D:1      | Reached skill level 3 in Transmutations
  1656 | D:2      | Reached XP level 3. HP: 27/27 MP: 6/8
  1684 | D:2      | Learned a level 2 spell: Wereblood
  1688 | D:2      | Learned a level 3 spell: Spider Form
  2432 | D:3      | Found a glowing drain.
  2469 | Sewer    | Entered a sewer
  2720 | Sewer    | Reached skill level 4 in Transmutations
  2779 | Sewer    | Reached XP level 4. HP: 34/34 MP: 5/9
  4916 | D:4      | Reached skill level 5 in Transmutations
  4916 | D:4      | Reached XP level 5. HP: 17/39 MP: 7/10
  5151 | D:4      | Noticed an ogre
  5156 | D:4      | Noticed an ogre
  5288 | D:4      | Killed an ogre
  5289 | D:4      | Reached skill level 6 in Transmutations
  5289 | D:4      | Reached XP level 6. HP: 17/46 MP: 8/11
  6656 | D:4      | Reached skill level 7 in Transmutations
  7051 | D:4      | Reached XP level 7. HP: 43/51 MP: 9/13
  7847 | D:5      | Entered Level 5 of the Dungeon
  8108 | D:5      | HP: 5/51 [centaur (1)]
  8108 | D:5      | HP: 2/51 [centaur (3)]
  8109 | D:5      | Slain by a centaur

Vanquished Creatures
  2 ogres (D:4)
  A gnoll sergeant (D:4)
  2 scorpions (D:4)
  A bullfrog zombie (D:5)
  A centaur skeleton (D:4)
  2 orc priests (D:4)
  2 orc wizards (D:4)
  7 gnolls
  A howler monkey skeleton (D:4)
  2 adders
  An adder skeleton (D:4)
  10 worms
  A dart slug (D:1)
  7 orcs
  9 ball pythons
  12 endoplasms
  7 giant cockroaches
  6 goblins
  7 hobgoblins
  16 jackals
  5 kobolds
  3 quokkas
  12 bats
  4 frilled lizards
  3 rats
124 creatures vanquished.
